 Dungeon Crawl Stone Soup version 0.21.0-24-g2553a33 (webtiles) character file.

20 tidbits the Magician (level 2, 0/26 HPs)
             Began as a Gnoll Wanderer on Jan 19, 2018.
             Slain by a goblin
             ... wielding a +0 club
              (2 damage)
             ... on level 2 of the Dungeon.
             The game lasted 00:01:22 (140 turns).

tidbits the Magician (Gnoll Wanderer)                Turns: 140, Time: 00:01:23

Health: 0/26       AC:  2    Str: 13    XL:     2   Next: 79%
Magic:  7/7        EV: 11    Int: 16    God:
Gold:   34         SH:  0    Dex: 18    Spells: 9/10 levels left

rFire    . . .     SeeInvis .   a - +2 short sword
rCold    . . .     Gourm    .   (no shield)
rNeg     . . .     Faith    .   d - +0 robe
rPois    .         Spirit   .   (no helmet)
rElec    .         Reflect  .   (no cloak)
rCorr    .         Harm     .   (no gloves)
MR       .....                  (no boots)
Stlth    ++........             (no amulet)
HPRegen  0.08/turn              X - +5 ring of dexterity
MPRegen  0.10/turn              (no ring)

@: no status effects
A: distributed training, fangs 1, strong nose
a: no special abilities


You were on level 2 of the Dungeon.
You were full.

You visited 1 branch of the dungeon, and saw 2 of its levels.

You collected 34 gold pieces.

Inventory:

Hand Weapons
 a - a +2 short sword (weapon)
Armour
 d - a +0 robe (worn)
Jewellery
 X - a +5 ring of dexterity (left hand)
   (You found it on level 1 of the Dungeon)
Scrolls
 e - a scroll of remove curse {unknown}
Potions
 b - a potion of curing
Books
 c - the Tome of Black Rites

   Spells                             Type                      Level
   a - Animate Skeleton               Necromancy                   1
   b - Regeneration                   Charms/Necromancy            3
Comestibles
 f - 3 rations


   Skills:
 + Level 4.5 Fighting
 + Level 4.5 Short Blades
 + Level 0.5 Long Blades
 + Level 0.5 Axes
 + Level 0.5 Maces & Flails
 + Level 0.5 Polearms
 + Level 0.5 Staves
 + Level 0.5 Slings
 + Level 0.5 Bows
 + Level 0.5 Crossbows
 + Level 2.5 Throwing
 + Level 0.5 Armour
 + Level 0.5 Dodging
 + Level 2.3 Stealth
 + Level 2.5 Shields
 + Level 0.5 Unarmed Combat
 + Level 4.9 Spellcasting
 + Level 0.3 Conjurations
 + Level 0.3 Hexes
 + Level 2.0 Charms
 + Level 0.3 Summonings
 + Level 0.3 Necromancy
 + Level 0.3 Translocations
 + Level 0.3 Transmutations
 + Level 0.3 Fire Magic
 + Level 0.3 Ice Magic
 + Level 0.3 Air Magic
 + Level 0.3 Earth Magic
 + Level 0.3 Poison Magic
 + Level 0.6 Invocations
 + Level 0.5 Evocations


You had 9 spell levels left.
You knew the following spells:

 Your Spells              Type           Power        Failure   Level  Hunger
n - Animate Skeleton      Necr           N/A          13%         1    None


Dungeon Overview and Level Annotations

Branches:
Dungeon (2/15)

Altars:


Innate Abilities, Weirdness & Mutations

Your experience applies equally to all skills.
You have very sharp teeth.
Your uncanny sense of smell can sniff out nearby items.


Message History

Unknown command.
The bat hits you but does no damage.
The goblin shouts!
The bat hits you but does no damage. The bat misses you.
The goblin hits you but does no damage.
You miss the goblin. The bat hits you but does no damage.
You puncture the goblin!
You kill the goblin!
Your Charms skill increases to level 2!
The bat barely misses you.
Things that are here:
a dagger; a goblin corpse The bat hits you but does no damage.
The bat hits you but does no damage. The goblin hits you with a club.
Things that are here:
a dagger; a goblin corpse You hit the goblin.
You kill the goblin!
The bat hits you but does no damage. The bat hits you but does no damage.
You hit the bat.
The bat is moderately wounded.
The bat hits you but does no damage. The bat hits you.
You closely miss the bat.
The bat is moderately wounded.
The bat closely misses you. The bat hits you but does no damage.
You barely miss the bat.
The bat is moderately wounded.
The bat closely misses you. x2; The bat hits you but does no damage.
You closely miss the bat.
The bat is moderately wounded.
The bat hits you but does no damage.
You closely miss the bat.
The bat is moderately wounded.
The bat hits you. The bat barely misses you.
You hit the bat.
You kill the bat!
You have reached level 2!
You see here a bat corpse.
Things that are here:
a club; a dagger; a goblin corpse
Okay, then.
You see here a ration.
f - 3 rations (gained 1)
You open the door.
An adder comes into view.
Found a ration.
There is an open door here.
A jackal comes into view.
The adder hisses angrily.
The adder bites you. x2
Found 10 gold pieces.
You miss the adder. The adder closely misses you.
You hit the adder.
The adder is moderately wounded.
The adder barely misses you.
You miss the adder.
The adder is moderately wounded.
The adder barely misses you.
You miss the adder. Your bite misses the adder.
The adder is moderately wounded.
The adder barely misses you.
You puncture the adder!
You kill the adder!
A jackal comes into view.
Found a dagger and a potion of curing.
You see here an adder corpse.
A worm comes into view.
You see here a dagger.
Unknown command.
The helpless jackal fails to defend itself.
You puncture the jackal!
You kill the jackal!
The helpless jackal fails to defend itself.
You impale the jackal!!
You kill the jackal!
The worm bites you!
* * * LOW HITPOINT WARNING * * *
You hit the worm.
The worm is lightly wounded.
You hit the worm but do no damage.
The worm is lightly wounded.
The worm bites you!
* * * LOW HITPOINT WARNING * * *
You see here 10 gold pieces.
You now have 34 gold pieces (gained 10).
You see here a jackal corpse.
A goblin comes into view. It is wielding a club.
The goblin shouts!
You hit the goblin.
The goblin is severely wounded.
You barely miss the goblin.
The goblin is severely wounded.
The goblin hits you with a club.
* * * LOW HITPOINT WARNING * * *
You barely miss the goblin.
The goblin is severely wounded.
The goblin hits you with a club.
You die...

#......................#
#....<............!....#
#................#######
#.............w..#
#.......####(....#
#.......# #....###
#####)### #.##### #.#
#.....# #†# #.@...# #.#
#.g...# #.# #.....# ...
#.....# ##.#. #.....#
#.#.# #.....# #.# .
..##### ..# #### ###


You could see a goblin.

Vanquished Creatures
  An adder (D:2)
  A leopard gecko (D:1)
  2 bats
  2 jackals (D:2)
  2 goblins (D:2)
  A rat (D:1)
9 creatures vanquished.

Notes
Turn   | Place    | Note
-------+----------+-------------------------------------------
     0 | D:1      | tidbits the Gnoll Wanderer began the quest for the Orb.
     0 | D:1      | tidbits set off with: a +2 short sword, a potion of curing, the Tome of Black Rites, a +0 robe, a ration
     0 | D:1      | Reached XP level 1. HP: 20/20 MP: 6/6
     0 | D:1      | Identified the Tome of Black Rites
     2 | D:1      | Learned a level 1 spell: Animate Skeleton
    77 | D:2      | Reached skill level 2 in Charms
    90 | D:2      | Reached XP level 2. HP: 21/26 MP: 7/7
   125 | D:2      | HP: 2/26 [worm (8)]
   139 | D:2      | HP: 1/26 [goblin/club (2)]
   140 | D:2      | Slain by a goblin

Skill      XL: |  1 |
---------------+----+-----
Charms         | 2 |  2.0
Fighting       | |  4.5
Short Blades   | |  4.5
Long Blades    | |  0.5
Axes           | |  0.5
Maces & Flails | |  0.5
Polearms       | |  0.5
Staves         | |  0.5
Slings         | |  0.5
Bows           | |  0.5
Crossbows      | |  0.5
Throwing       | |  2.5
Armour         | |  0.5
Dodging        | |  0.5
Stealth        | |  2.3
Shields        | |  2.5
Unarmed Combat | |  0.5
Spellcasting   | |  4.9
Conjurations   | |  0.3
Hexes          | |  0.3
Summonings     | |  0.3
Necromancy     | |  0.3
Translocations | |  0.3
Transmutations | |  0.3
Fire Magic     | |  0.3
Ice Magic      | |  0.3
Air Magic      | |  0.3
Earth Magic    | |  0.3
Poison Magic   | |  0.3
Invocations    | |  0.6
Evocations     | |  0.5

Action                   || total
-------------------------++-------
Melee: Short sword       ||    28
       Bite              ||     1
 Stab: Sleeping          ||     3
  Eat: Ration            ||     1
Armor: Robe              ||    16
Dodge: Dodged            ||    15

Table legend:
 A = Turns spent in this place as a percentage of turns spent in the entire game.
 B = Non-inter-level travel turns spent in this place as a percentage of non-inter-level travel turns spent in the entire game.
 C = Inter-level travel turns spent in this place as a percentage of turns spent in this place.
 D = Turns resting spent in this place as a percentage of non-inter-level travel turns spent in this place.
 E = Turns spent auto-exploring this place as a percentage of non-inter-level travel turns spent in this place.
 F = Non-inter-level travel turns spent in this place divided by the number of levels of this place that you've seen.
                   A       B       C       D       E      F
               +-------+-------+-------+-------+-------+----------------------
         Total | 100.0 | 100.0 |   0.0 |   0.0 |   0.0 |  70.0
       Dungeon | 100.0 | 100.0 |   0.0 |   0.0 |   0.0 |  70.0
               +-------+-------+-------+-------+-------+----------------------

Table legend:
 A = Kills in this place as a percentage of kills in entire the game.
 B = Kills by you in this place as a percentage of kills by you in the entire game.
 C = Kills by friends in this place as a percentage of kills by friends in the entire game.
 D = Other kills in this place as a percentage of other kills in the entire game.
 E = Experience gained in this place as a percentage of experience gained in the entire game.
 F = Experience gained in this place divided by the number of levels of this place that you have seen.
                   A       B       C       D       E      F
               +-------+-------+-------+-------+-------+----------------------
         Total | 100.0 | 100.0 |   N/A |   N/A | 100.0 |  14.5
       Dungeon | 100.0 | 100.0 |   N/A |   N/A | 100.0 |  14.5
               +-------+-------+-------+-------+-------+----------------------

Vault maps used:
D:1:      scummos_arrival_simple_crosswalls
D:2:      grunt_dithmenos_smoke
